 Dungeon Crawl Stone Soup version 0.30-a0-845-g7c6808c8ce (webtiles) character file.

Game seed: 175281896051585416

700 cheesebisquit the Spear-Bearer (level 7, -5/56 HPs)
             Began as a Merfolk Gladiator on Mar 2, 2023.
             Engulfed by a cloud of flame (10 damage)
             ... on level 5 of the Dungeon.
             The game lasted 00:17:16 (3015 turns).

cheesebisquit the Spear-Bearer (Merfolk Gladiator)  Turns: 3015, Time: 00:17:16

Health: -5/56      AC: 11    Str: 16    XL:     7   Next: 65%
Magic:  7/7        EV: 12    Int:  8    God:
Gold:   173        SH:  5    Dex: 15    Spells: 6/6 levels left

rFire   . . .      SeeInvis +    z - +0 halberd
rCold   + . .      Faith    .    (shield currently unavailable)
rNeg    . . .      Spirit   .    x - +2 scale mail {rC+}
rPois   .          Reflect  +    c - +2 helmet
rElec   .          Rampage  .    (no cloak)
rCorr   .                        (no gloves)
Will    .....                    (no boots) Stlth
                                 h - amulet of reflection
HPRegen 0.29/turn                f - ring of see invisible
MPRegen 0.10/turn                (no ring)

@: mighty, hasted, invisible, very quick
A: (nimble swimmer 2), mertail
a: no special abilities


You were on level 5 of the Dungeon.
You visited 2 branches of the dungeon, and saw 6 of its levels.

You collected 173 gold pieces.

Inventory:

Hand Weapons
 a - a +0 trident
 n - a +0 glaive of venom
 z - a +0 halberd (weapon)
Missiles
 e - 10 javelins
 k - 3 poisoned darts
 t - 2 boomerangs (quivered)
 y - a throwing net
Armour
 c - a +2 helmet (worn)
 x - a +2 scale mail of cold resistance (worn)
Jewellery
 f - a ring of see invisible (left hand)
 h - an amulet of reflection (around neck)
Wands
 b - a wand of paralysis (4)
Potions
 d - a potion of cancellation
 g - 3 potions of degeneration
 i - a potion of mutation
 m - 3 potions of brilliance
 p - a potion of attraction {unknown}
 q - a potion of ambrosia {unknown}


   Skills:
 + Level 5.0 Fighting
 * Level 8.4 Polearms
 - Level 2.0 Throwing
 + Level 6.7 Dodging


You had 6 spell levels left.
You didn't know any spells.
Your spell library contained the following spells:

 Spells                   Type           Power      Damage    Failure   Level
 Apportation              Tloc           0%         N/A       86%         1
 Necrotise                Necr           0%         1d4       86%         1
 Shock                    Conj/Air       0%         1d3       86%         1
 Summon Small Mammal      Summ           0%         N/A       86%         1
 Ensorcelled Hibernation  Hex/Ice        0%         N/A       94%         2
 Spider Form              Tmut/Pois      0%         N/A       99%         3
 Swiftness                Air            0%         N/A       99%         3
 Airstrike                Air            0%         2d(0-16)  100%        4
 Anguish                  Hex/Necr       0%         N/A       100%        4


Dungeon Overview and Level Annotations

Branches:
Dungeon (5/15)             Temple (1/1) D:4

Altars:
Ashenzari
Dithmenos
Fedhas
Kikubaaqudgha
Nemelex Xobeh
Qazlal
Ru
Uskayaw
Wu Jian
Zin


Innate Abilities, Weirdness & Mutations

((You are very nimble when in or above water. (Stealth+, EV+, Speed+++)))
Your lower body shifts to a powerful aquatic tail in water.


Message History

You feel better.
The centaur hits you but does no damage.
The centaur misses you. The hound bites you but does no damage.
The centaur barely misses you.
The centaur kicks you but does no damage.
It was a potion of haste.
You feel yourself speed up. The hound bites you but does no damage.
The centaur hits you but does no damage.
The centaur barely misses you. The hound misses you.
It was a potion of invisibility.
You fade into invisibility!
The gnoll shouts!
You block the centaur's attack. The centaur barely misses you.
The hound completely misses you. The hound attacks as you move away!
You block the hound's attack.
An ogre comes into view. It is wielding a +0 giant spiked club.
The centaur wields a +0 shortbow.
The centaur shoots an arrow.
The arrow closely misses the hound.
The gnoll shouts!
Found 6 gold pieces.
The gnoll shouts!
The gnoll shouts! x2
The hound attacks as you move away! The hound misses you.
The gnoll shouts! x3
The gnoll shouts! x2
The centaur shoots an arrow.
The arrow closely misses you.
The gnoll shouts!
The centaur shoots an arrow.
The arrow hits the hound!
Flame seeps out of the hound.
The hound is engulfed in blazing flames.
The hound explodes!
The fiery explosion engulfs you!!
* * * LOW HITPOINT WARNING * * *
The fiery explosion engulfs the ogre!!!
You kill the ogre!
You hear an angry hiss.
Your Fighting skill increases to level 5!
There is a stone staircase leading up here.
You are engulfed in blazing flames.
You die...

..... #..........#
.......#.##......#....
#......./.......## ...
##..........##..###..#
#...........###..#..#
#........##..##.....##
......................
...........##.........
.......@§§####..._...#
........○§.##.........
.......§§§...c........
..........#..##.....##
..........#.## ..#..#
..........g.##..###..#
#..$............## ...
##......#..gg....# ..
#<...###.........


You could see a centaur (inner flame, unable to see you) and 3 gnolls.

Vanquished Creatures
  3 ogres
  2 scorpions
  2 hounds (D:5)
  2 orc priests (D:4)
  Terence (D:3)
  An orc wizard (D:4)
  Robin (D:4)
  3 adders
  7 gnolls
  2 dart slugs
  3 orcs (D:4)
  8 ball pythons
  4 bats
  4 endoplasms
  5 giant cockroaches
  7 hobgoblins
  5 jackals
  5 kobolds
  4 quokkas
  9 goblins
  8 rats
86 creatures vanquished.

Notes
Turn   | Place    | Note
-------+----------+-------------------------------------------
     0 | D:1      | cheesebisquit the Merfolk Gladiator began the quest for the
                  | Orb.
     0 | D:1      | Reached XP level 1. HP: 16/16 MP: 1/1
   127 | D:1      | Reached XP level 2. HP: 23/23 MP: 2/2
   296 | D:1      | Found a faded altar of an unknown god.
   691 | D:2      | Reached XP level 3. HP: 28/28 MP: 3/3
  1403 | D:3      | Reached skill level 5 in Polearms
  1468 | D:3      | Noticed Terence
  1477 | D:3      | Killed Terence
  1478 | D:3      | Reached XP level 4. HP: 35/35 MP: 4/4
  1512 | D:3      | Noticed a scorpion
  1520 | D:3      | Killed a scorpion
  1521 | D:3      | Reached skill level 5 in Dodging
  1521 | D:3      | Reached XP level 5. HP: 41/41 MP: 5/5
  1816 | D:4      | Noticed Robin
  1946 | D:4      | Reached skill level 6 in Polearms
  1973 | D:4      | Noticed an ogre
  2049 | D:4      | Reached XP level 6. HP: 21/48 MP: 6/6
  2107 | D:4      | Reached skill level 7 in Polearms
  2310 | D:4      | Killed Robin
  2353 | D:4      | Found a glowing drain.
  2627 | D:4      | Found a staircase to the Ecumenical Temple.
  2638 | D:4      | Reached XP level 7. HP: 44/55 MP: 7/7
  2688 | D:4      | Found a blossoming altar of Fedhas.
  2691 | Temple   | Entered the Ecumenical Temple
  2776 | D:4      | Found an ornate altar of the Wu Jian Council.
  2830 | D:5      | Entered Level 5 of the Dungeon
  2865 | D:5      | Reached skill level 8 in Polearms
  2990 | D:5      | Identified a scroll of acquirement
  2992 | D:5      | Acquired a +0 glaive of venom
  2994 | D:5      | Found a shadowy altar of Dithmenos.
  3015 | D:5      | Reached skill level 5 in Fighting
  3015 | D:5      | Engulfed by a cloud of flame

Illustrated notes

Levels and vault maps discovered:
D:1:      dpeg_arrival_central, layout_loops_ring,
          ebering_ecumenical_altar_sacrificial
D:2:      layout_rooms
D:3:      layout_loops_ring, uniq_terence
D:4:      layout_rooms, nicolae_wu_jian_immortal_techniques,
          mainiacjoe_overflow_alcove_1, minmay_temple_entry_proselytizer,
          gup_sewer_entry_glass, uniq_robin
D:5:      layout_cave_pools, nicolae_dithmenos_shadow_blocks,
          serial_park_tiny_2, minmay_curled_crystal, uniq_prince_ribbit1
Temple:   hellmonk_temple_of_storms

Skill      XL: |  1  2  3  4  5  6  7 |
---------------+----------------------+-----
Fighting       | 3 4 5 |  5.0
Polearms       | 5 6 7 8 |  8.4
Dodging        | 5 6 |  6.7
Throwing       | |  2.0

Action                     |  1- 3 |  4- 6 |  7- 9 || total
---------------------------+-------+-------+-------++-------
  Melee: Trident           |   110 |    93 |    21 ||   224
         Halberd           |       |       |     9 ||     9
         Punch             |       |       |     1 ||     1
  Throw: Throwing net      |     2 |     3 |       ||     5
         Javelin           |       |    12 |       ||    12
         Boomerang         |       |    14 |    17 ||    31
    Use: Scroll            |       |     7 |     7 ||    14
         Potion            |       |     2 |     6 ||     8
   Stab: Held in net/web   |     2 |       |       ||     2
 Armour: Leather armour    |    14 |       |       ||    14
         Ring mail         |     8 |       |       ||     8
         Scale mail        |       |    25 |    14 ||    39
  Dodge: Dodged            |    58 |    50 |    32 ||   140
  Block: Other             |    15 |    20 |    13 ||    48
         Reflection        |       |     1 |       ||     1

Table legend: (Time is in decaauts)
 A = Elapsed time spent in this place.
 B = Non-inter-level travel time spent in this place.
 C = Inter-level travel time spent in this place.
 D = Time resting spent in this place.
 E = Time spent auto-exploring this place.
 F = Levels seen in this place.
 G = Mean time per level.
                   A        B        C        D        E       F      G
               +--------+--------+--------+--------+--------+-----+--------+
         Total |   3025 |   2804 |    221 |    220 |   1906 |   6 |  504.2 |
       Dungeon |   2984 |   2769 |    215 |    220 |   1878 |   5 |  596.8 |
        Temple |     40 |     34 |      6 |      0 |     28 |   1 |   40.0 |
               +--------+--------+--------+--------+--------+-----+--------+

Top non-repeatable levels by time:
     D:4: 818 daAuts
     D:3: 789 daAuts
     D:1: 668 daAuts
     D:2: 524 daAuts
     D:5: 183 daAuts
  Temple: 40 daAuts
